 Dungeon Crawl Stone Soup version 0.31-a0-182-gc5ef74bbde (webtiles) character file.

Game seed: 18098778821554464322

100 qw the Chopper (level 4, 0/28 HPs)
             Began as a Gargoyle Fighter on June 20, 2023.
             Slain by Grinder (5 damage)
             ... while paralysed by Grinder
             ... on level 3 of the Dungeon.
             The game lasted 00:00:51 (1342 turns).

qw the Chopper (Gargoyle Fighter)                   Turns: 1342, Time: 00:00:51

Health: 0/28       AC: 10    Str: 22    XL:     4   Next: 74%
Magic:  4/4        EV:  2    Int:  8    God:
Gold:   132        SH:  0    Dex:  9    Spells: 3/3 levels left

rFire   . . .        Y - +1 war axe
rCold   . . .        c - +0 buckler
rNeg    + . .        b - +0 scale mail
rPois   inf          (no helmet)
rElec   +            (no cloak)
rCorr   .            (no gloves)
SInv    .            (no boots)
Will    .....        (no amulet) Stlth
                     (no ring)
HPRegen 0.24/turn    (no ring)
MPRegen 0.09/turn

%: no passive effects
@: paralysed
A: sickness immunity, AC +3, negative energy resistance 1, electricity
resistance, torment resistance 1, petrification resistance
a: no special abilities


You were on level 3 of the Dungeon.
You visited 1 branch of the dungeon, and saw 3 of its levels.

You collected 132 gold pieces.


Innate Abilities, Weirdness & Mutations

You are immune to sickness and miasma.
Your stone body is resilient. (AC +3)
You are immune to poison.
You resist negative energy. (rN+)
You are resistant to electric shocks. (rElec)
You are resistant to unholy torment.
You are immune to petrification.


   Skills:
 - Level 3.2 Fighting
 + Level 4.3 Axes
 - Level 3.2 Armour
 - Level 3.2 Shields


You had 3 spell levels left.
You didn't know any spells.
Your spell library was empty.

Inventory:

Hand Weapons
 e - a +0 mace
 Y - a +1 war axe (weapon)
Armour
 b - a +0 scale mail (worn)
 c - a +0 buckler (worn)
Scrolls
 a - a scroll of blinking {unknown}
 h - a scroll of noise {unknown}
Potions
 d - 2 potions of might
 f - a potion of enlightenment {unknown}
 g - a potion of invisibility {unknown}
 i - a potion of curing {unknown}

Dungeon Overview and Level Annotations

Branches:
Dungeon (3/15)

Altars:
Dithmenos
Makhleb
Ru
Sif Muna

Shops:
D:1 :   D:2 (

Annotations:
D:3 Grinder


Message History

Enter note: Grinder gestures at you. You resist with significant effort.
1324 ||| Stepping ~*~*~tactically~*~*~ (hiding).
The rat bites you but does no damage.
You hit the rat.
You kill the rat!
You start waiting.
You closely miss Grinder. Grinder hits you but does no damage.
You barely miss Grinder. Grinder hits you but does no damage.
You closely miss Grinder. You block Grinder's attack.
You hit Grinder but do no damage. Grinder hits you!
You writhe in agony.
Grinder blinks!
1333 ||| Stepping ~*~*~tactically~*~*~ (hiding).
You start resting.
Grinder is nearby!
You hit Grinder.
Grinder is lightly wounded.
Grinder says, "DUCK!"
Grinder barely misses you.
You hit Grinder.
Grinder is moderately wounded.
Grinder hits you.
You writhe in agony.
You barely miss Grinder.
Grinder is moderately wounded.
You block Grinder's attack. Grinder hits you.
You closely miss Grinder.
Grinder is moderately wounded.
Grinder hits you.
You writhe in agony.
You closely miss Grinder.
Grinder is moderately wounded.
Grinder barely misses you.
You barely miss Grinder.
Grinder is moderately wounded.
Grinder gestures at you.
You suddenly lose the ability to move!
Grinder hits you.
You die...

#...# #######..#.
#...###... ..... #######
##.......####...# #.....#
...........##.#¤#####.....#
...._8_.....¤#¤¤¤#........#
...)._.....##¤#¤#¤#.#.....#
.#..........¤¤¤_.¤..#.....#
.#...#.######¤#.#¤#########
.#...#.# ##¤¤@## .#...#.#
##.#5# .#...#.##### #.#.#
......<....# #...#
....#..###.######.#
....#..###......#..
............###.#..
.......#.#..###.##.
.......#......#.# ..


You could see Grinder.

Vanquished Creatures
  Jessica (D:3)
  2 adders (D:2)
  A dart slug (D:2)
  7 ball pythons
  5 bats
  5 endoplasms
  A giant cockroach (D:1)
  5 goblins
  3 hobgoblins (D:1)
  2 jackals (D:1)
  6 kobolds
  3 quokkas (D:1)
  5 frilled lizards
  6 rats
52 creatures vanquished.

Notes
Turn   | Place    | Note
-------+----------+-------------------------------------------
     0 | D:1      | qw the Gargoyle Fighter began the quest for the Orb.
     0 | D:1      | Reached XP level 1. HP: 14/14 MP: 1/1
     0 | D:1      | 0 ||| qw: Version: 0.3-a-9-g12657ce
     0 | D:1      | 0 ||| qw: Game counter: 1409
     0 | D:1      | 0 ||| qw: Always use a shield: true
     0 | D:1      | 0 ||| qw: God list: Okawaru
     0 | D:1      | 0 ||| qw: Allow faded altars: false
     0 | D:1      | 0 ||| qw: Do Orc after D:15 true
     0 | D:1      | 0 ||| qw: Do second Lair branch before Depths: true
     0 | D:1      | 0 ||| qw: Lair rune preference: random
     0 | D:1      | 0 ||| qw: Plans: Normal, Zot:1-4, Slime:5, God:TSO, Crypt,
                  | Tomb, Abyss, Pan, Hells, Win
     0 | D:1      | 0 ||| PLANNING D:1-11
    21 | D:1      | Reached skill level 2 in Axes
    34 | D:1      | Found Raczihu's Book Shoppe.
    51 | D:1      | 51 ||| Stepping ~*~*~tactically~*~*~ (stealth).
    59 | D:1      | 59 ||| Stepping ~*~*~tactically~*~*~ (stealth).
    63 | D:1      | Reached XP level 2. HP: 19/19 MP: 2/2
   317 | D:1      | 317 ||| Stepping ~*~*~tactically~*~*~ (hiding).
   318 | D:1      | 318 ||| Stepping ~*~*~tactically~*~*~ (hiding).
   323 | D:1      | Reached skill level 3 in Axes
   323 | D:1      | 323 ||| Stepping ~*~*~tactically~*~*~ (hiding).
   331 | D:1      | Reached XP level 3. HP: 19/23 MP: 3/3
   694 | D:1      | 694 ||| READING scroll labelled CAWNER ORINU.
   695 | D:1      | 695 ||| READING scroll labelled NOTSOL LUNE.
   784 | D:2      | 784 ||| DROPPING +0 club.
   838 | D:2      | Found Gouhouti's Weapon Boutique.
   957 | D:2      | Reached XP level 4. HP: 28/28 MP: 4/4
  1014 | D:2      | 1014 ||| DROPPING +0 whip.
  1095 | D:2      | 1095 ||| FLEEEEING.
  1096 | D:2      | 1096 ||| FLEEEEING.
  1097 | D:2      | 1097 ||| FLEEEEING.
  1098 | D:2      | 1098 ||| FLEEEEING.
  1099 | D:2      | 1099 ||| FLEEEEING.
  1103 | D:2      | Reached skill level 4 in Axes
  1146 | D:2      | 1146 ||| READING scroll labelled BEIRPH IMUWK.
  1187 | D:3      | Found a shimmering blue altar of Sif Muna.
  1189 | D:3      | Found a burning altar of Makhleb.
  1190 | D:3      | Found a sacrificial altar of Ru.
  1213 | D:3      | 1213 ||| STAIRDANCE
  1230 | D:3      | Noticed Jessica
  1231 | D:3      | 1231 ||| Stepping ~*~*~tactically~*~*~ (hiding).
  1233 | D:3      | 1233 ||| Stepping ~*~*~tactically~*~*~ (hiding).
  1234 | D:3      | 1234 ||| Stepping ~*~*~tactically~*~*~ (hiding).
  1240 | D:3      | Killed Jessica
  1299 | D:3      | Found a shadowy altar of Dithmenos.
  1322 | D:3      | Noticed Grinder
  1324 | D:3      | 1324 ||| Stepping ~*~*~tactically~*~*~ (hiding).
  1333 | D:3      | 1333 ||| Stepping ~*~*~tactically~*~*~ (hiding).
  1340 | D:3      | HP: 6/28 [Grinder (6)]
  1342 | D:3      | Paralysed by Grinder for 3 turns
  1342 | D:3      | Slain by Grinder

Levels and vault maps discovered:
D:1:      minmay_arrival_radiant_lines, layout_basic, serial_shops,
          nicolae_book_shop_shelving, minmay_splitting_lines
D:2:      kennysheep_big_flooded_room, layout_basic, serial_shops,
          nicolae_shop_bloodbath_and_beyond, hangedman_feature_mirror
D:3:      layout_loops_cross, grunt_dithmenos_smoke_and_mirrors,
          chequers_temple_overflow_statue_of_worship, serial_shops,
          nicolae_shop_advertising_works [nicolae_subvault_shop_adworks],
          nicolae_shop_stone, uniq_grinder, uniq_natasha, uniq_jessica

Skill      XL: |  1  2  3  4 |
---------------+-------------+-----
Axes           | 2 3 4 |  4.3
Fighting       | |  3.2
Armour         | |  3.2
Shields        | |  3.2

Action                     |  1- 3 |  4- 6 || total
---------------------------+-------+-------++-------
  Melee: War axe           |    78 |    50 ||   128
    Use: Scroll            |     2 |     1 ||     3
 Armour: Scale mail        |    47 |    25 ||    72
  Dodge: Dodged            |    31 |    20 ||    51
  Block: Buckler           |    18 |    14 ||    32

Table legend:
 A = Non-vault XP
 B = Vault XP
 C = Vault XP percentage of total XP
 D = Non-vault monster count
 E = Vault monster count
 F = Vault count percentage of total count
                 A         B        C        D         E       F
            +---------+---------+-------+---------+---------+-------
      Total |      79 |      65 |  45.1 |      43 |       9 |  17.3
            +---------+---------+-------+---------+---------+-------
        D:1 |      56 |       0 |   0.0 |      33 |       0 |   0.0
        D:2 |      17 |      28 |  62.2 |       4 |       8 |  66.7
        D:3 |       6 |      37 |  86.0 |       6 |       1 |  14.3
            +---------+---------+-------+---------+---------+-------
